AoeStats
← randomciv

Arabia

504372387Analyzed
1v1 RM · 27d ago on Sep 5, 2026· 56m 11s· 2 players
Game mode
Random Map
Map size
Tiny (2 player)
Population
200
Speed
Normal
Resources
Standard
Victory
Conquest
Starting age
Dark Age
Ending age
Imperial Age
RankedLock teamsTeams togetherTeam positionsShared explorationLock speedFull tech treeHidden civsTurbo modeCheats
Victory
Defeat
🇦🇷 Aztecs · Argentina
1912
+16
🇧🇷 Byzantines · Brazil
1907
-16
Chagas
6:44 Loom
9:22 Feudal Age
10:57 Horse Collar
22:29 Castle Age
21:59 Double-Bit Axe
22:22 Gold Mining
22:27 Fletching
23:06 Bodkin Arrow
24:29 Scale Barding Armor
26:08 Forging
27:17 Bow Saw
30:22 Fervor
33:36 Wheelbarrow
38:47 Imperial Age
40:30 Chemistry
39:53 Chain Barding Armor
39:55 Conscription
41:26 Plate Barding Armor
41:44 Iron Casting
47:57 Bracer
48:14 Elite Skirmisher
50:04 Padded Archer Armor
51:09 Leather Archer Armor
53:02 Ring Archer Armor
54:21 Ballistics
randomciv
7:01 Loom
9:14 Feudal Age
10:08 Man-at-Arms
16:19 Double-Bit Axe
20:37 Wheelbarrow
23:09 Castle Age
21:25 Horse Collar
22:12 Scale Mail Armor
22:03 Gold Mining
23:33 Forging
23:18 Eagle Warrior
24:00 Squires
28:38 Fervor
29:17 Town Watch
29:51 Chain Mail Armor
34:19 Iron Casting
33:22 Pikeman
38:49 Imperial Age
36:26 Stone Mining
37:19 Fletching
37:45 Hand Cart
38:05 Bow Saw
37:57 Heavy Plow
40:37 Chemistry
39:20 Treadmill Crane
40:36 Garland Wars
41:18 Plate Mail Armor
41:48 Blast Furnace
41:27 Bodkin Arrow
41:02 Elite Skirmisher
41:05 Crossbowman
43:21 Ballistics
43:42 Conscription
44:08 Bracer
44:09 Padded Archer Armor
45:23 Leather Archer Armor
44:51 Arbalester
48:37 Chemistry
47:13 Capped Ram
49:03 Atlatl
51:52 Elite Eagle Warrior
52:18 Arson
52:18 Gambesons
54:21 Siege Ram
Connection lost

Rejoining the realm…

Still unreachable

The connection could not be restored.

Session expired

The server has moved on; the page needs a fresh start.